 Dungeon Crawl Stone Soup version 0.20.1-1-g8b1a95d (webtiles) character file.

109964 doot the Whirler (level 17, -11/178 HPs)
             Began as a Halfling Hunter on July 3, 2017.
             Killed from afar by a merfolk aquamancer (16 damage)
             ... with a torrent of water
             ... on level 1 of the Shoals on July 4, 2017.
             The game lasted 02:31:30 (31035 turns).

doot the Whirler (Halfling Hunter)                 Turns: 31035, Time: 02:31:34

Health: -11/178    AC: 24    Str: 19    XL:     17   Next: 8%
Magic:  20/20      EV: 17    Int: 18    God:    Xom [...*..]
Gold:   1866       SH:  0    Dex: 21    Spells: 13/21 levels left

rFire    + . .     SeeInvis .   a - +6 double sword (freeze)
rCold    + . .     Gourm    .   (shield currently unavailable)
rNeg     + . .     Faith    .   K - +4 chain mail of Satisfaction {rPois rCorr Int+9 Dex-5}
rPois    +         Spirit   .   (helmet restricted)
rElec    .         Reflect  .   (no cloak)
rCorr    +         Harm     .   g - +4 pair of gloves "Ratrubeiff" {*Slow rF+ rN+ rCorr}
MR       ++++.     Clarity  +   z - +0 pair of boots
Stlth    ..........             l - amulet of rage
Regen    0.8/turn               u - +5 ring of dexterity
MPRegen  0.2/turn               e - +3 ring of protection

@: berserking (expiring), very slightly contaminated, studying Long Blades, very
quick
A: beak, horns 1, talons 1, repulsion field 1, molten scales 1, clarity, cold
resistance 1, deformed body, magic resistance 3, mutation resistance 1,
regeneration 1
a: Renounce Religion, Evoke Berserk Rage


You were on level 1 of the Shoals.
You worshipped Xom.
You were a favourite toy of Xom.
You were hungry.

You visited 8 branches of the dungeon, and saw 28 of its levels.
You also visited: Ice Cave.

You collected 3935 gold pieces.
You spent 2069 gold pieces at shops.

Inventory:

Hand Weapons
 a - a +6 double sword of freezing (weapon)
 b - the +5 hunting sling of Poverty {flame, rN+ MR+ Str+2}
   (You acquired it on level 12 of the Dungeon)

   It causes projectiles fired from it to burn those they strike, causing extra
   injury to most foes and up to half again as much damage against particularly
   susceptible opponents.
   It affects your strength (+2).
   It protects you from negative energy.
   It affects your resistance to hostile enchantments.
 p - the +9 mace "Aluteop" {drain, Str+4 Int+5}
   (You took it off a centaur warrior on level 13 of the Dungeon)

   A truly terrible weapon, it drains the life of those it strikes.
   It affects your strength (+4).
   It affects your intelligence (+5).
 x - a +0 scimitar of flaming
Missiles
 k - 351 stones (quivered)
 Z - 25 sling bullets
Armour
 g - the +4 pair of gloves "Ratrubeiff" (worn) {*Slow rF+ rN+ rCorr}
   (You found it on level 12 of the Dungeon)

   It protects you from fire.
   It protects you from negative energy.
   It protects you from acid and corrosion.
   It may slow you when you take damage.
 j - a +3 plate armour
 z - a +0 pair of boots (worn)
 K - the +4 chain mail of Satisfaction (worn) {rPois rCorr Int+9 Dex-5}
   (You bought it in a shop on level 4 of the Dungeon)

   It affects your intelligence (+9).
   It affects your dexterity (-5).
   It protects you from poison.
   It protects you from acid and corrosion.
Jewellery
 e - a +3 ring of protection (right hand)
 l - an amulet of rage (around neck)
 m - an uncursed ring of protection from fire
 n - a +6 ring of strength
 t - an uncursed ring of poison resistance
 u - a +5 ring of dexterity (left hand)
 T - a +3 ring of protection
 V - the amulet of the Air {Inacc +Fly rElec EV+5 RMsl}
   (You found it in an ice cave)

   [amulet of inaccuracy]

   It reduces the accuracy of all your attacks.
   It affects your evasion (+5).
   It insulates you from electricity.
   It lets you fly.
   It protects you from missiles.
 X - an uncursed amulet of the gourmand
Wands
 d - a wand of lightning (6/15)
 r - a wand of digging (3/24)
 w - a wand of confusion (48/48)
 N - a wand of digging (14/24)
 R - a wand of enslavement (12/24)
 W - a wand of clouds (3/9)
Scrolls
 h - 6 scrolls of teleportation
 q - 4 scrolls of amnesia
 s - 6 scrolls of enchant armour
 y - 2 scrolls of fog
 D - 5 scrolls of remove curse
 I - 9 scrolls of identify
 L - 3 scrolls of noise
 O - 2 scrolls of recharging
 P - 2 scrolls of magic mapping
 Y - 4 scrolls of blinking
Potions
 v - a potion of heal wounds
 C - a potion of brilliance
 F - a potion of curing
 Q - 3 potions of mutation
 U - 4 potions of berserk rage
Books
 c - a book of Maledictions

   Spells                             Type                      Level
   a - Corona                         Hexes                        1
   b - Ensorcelled Hibernation        Hexes/Ice                    2
   c - Confuse                        Hexes                        3
   d - Tukima's Dance                 Hexes                        3
   e - Dazzling Spray                 Conjuration/Hexes            3
 i - a book of Battle

   Spells                             Type                      Level
   a - Infusion                       Charms                       1
   b - Shroud of Golubria             Charms/Translocation         2
   c - Song of Slaying                Charms                       2
   d - Spectral Weapon                Hexes/Charms                 3
   e - Regeneration                   Charms/Necromancy            3
 o - a manual of Long Blades
 A - the Incunabulum of the Unholy Birds
   (You found it on level 1 of the Orcish Mines)

   Spells                             Type                      Level
   a - Animate Dead                   Necromancy                   4
   b - Excruciating Wounds            Charms/Necromancy            5
   c - Lightning Bolt                 Conjuration/Air              5
   d - Conjure Ball Lightning         Conjuration/Air              6
 B - a book of Minor Magic

   Spells                             Type                      Level
   a - Magic Dart                     Conjuration                  1
   b - Blink                          Translocation                2
   c - Call Imp                       Summoning                    2
   d - Slow                           Hexes                        2
   e - Conjure Flame                  Conjuration/Fire             3
   f - Mephitic Cloud                 Conjuration/Poison/Air       3
 E - Xubbol's Guide on the Traveller
   (Xom gifted it to you on level 1 of the Orcish Mines)

   Spells                             Type                      Level
   a - Shroud of Golubria             Charms/Translocation         2
   b - Lesser Beckoning               Translocation                3
   c - Disjunction                    Translocation                8
 J - the Reference Book on Dusty Necromancy
   (You found it on level 1 of the Orcish Mines)

   Spells                             Type                      Level
   a - Animate Skeleton               Necromancy                   1
   b - Vampiric Draining              Necromancy                   3
   c - Statue Form                    Transmutation/Earth          6
 M - a book of Air

   Spells                             Type                      Level
   a - Shock                          Conjuration/Air              1
   b - Swiftness                      Charms/Air                   2
   c - Static Discharge               Conjuration/Air              3
   d - Airstrike                      Air                          4
   e - Lightning Bolt                 Conjuration/Air              5
Miscellaneous
 H - a lamp of fire
Comestibles
 f - 13 bread rations
 G - 22 fruits
 S - 22 royal jellies


   Skills:
 + Level 12.2 Fighting
   Level 3.1(13.1) Short Blades
 + Level 16.2(16.3) Long Blades
 + Level 3.3 Maces & Flails
 + Level 16.5 Slings
 + Level 12.8 Armour
 + Level 7.3 Dodging
 + Level 5.2 Stealth
 + Level 2.5 Spellcasting
 + Level 0.4 Charms
 + Level 8.7 Air Magic
 + Level 4.6 Evocations


You had 13 spell levels left.
You knew the following spells:

 Your Spells              Type           Power        Failure   Level  Hunger
a - Airstrike             Air            ####......   30%         4    #####..
b - Swiftness             Chrm/Air       ###.....     26%         2    ##.....
c - Blink                 Tloc           N/A          86%         2    ##.....


Dungeon Overview and Level Annotations

Branches:
Dungeon (15/15)            Temple (1/1) D:4            Lair (6/6) D:8
 Shoals (1/4) Lair:4        Snake (1/4) Lair:2        Slime (0/5) Lair:5
    Orc (2/2) D:10            Elf (1/3) Orc:2        Vaults (0/5) D:13
 Depths (1/5) D:15

Altars:
Ashenzari
Cheibriados
Dithmenos
Elyvilon
Fedhas
Gozag
Hepliaklqana
Kikubaaqudgha
Makhleb
Nemelex Xobeh
Okawaru
Qazlal
Ru
Sif Muna
Trog
Uskayaw
Vehumet
Xom
Yredelemnul
Zin
The Shining One
Beogh

Shops:
D:4 [   D:8 ?   D:9 :   Orc:2 (}:?!


Innate Abilities, Weirdness & Mutations

You are small and have problems with some larger weapons.
You are somewhat resistant to further mutation.
You have a beak for a mouth.
You have a pair of small horns on your head.
You have sharp toenails.
You are surrounded by a mild repulsion field. (EV +2)
You are partially covered in molten scales. (AC +2)
You possess an exceptional clarity of mind.
Your flesh is cold resistant. (rC+)
Armour fits poorly on your strangely shaped body.
You are extremely resistant to the effects of hostile enchantments. (MR+++)
Your natural rate of healing is unusually fast.


Message History

Moving in this stuff is going to be slow.
The merfolk aquamancer gestures at you while chanting.
The torrent of water passes through the water elemental.
The torrent of water misses you.
The wave splashes down.
The water elemental misses you.
The merfolk aquamancer points at you and mumbles some strange words.
The shard of ice hits you! You partially resist.
* * * LOW HITPOINT WARNING * * *
You hear a shout! x3; You hear an angry hiss.
A merfolk siren comes into view. It is wielding a spear.
You see here 2 tomahawks.
You feel a strong urge to attack something.
A merfolk comes into view. It is wielding a trident.
The merfolk shouts!
The merfolk throws a tomahawk.
The tomahawk hits you!
* * * LOW HITPOINT WARNING * * *
The merfolk aquamancer points at you and mumbles some strange words.
The torrent of water hits you!
You die...
Xom laughs nastily!

≈≈≈≈≈≈≈≈≈≈≈≈≈.###.≈≈≈
≈≈≈≈≈≈≈≈≈≈≈≈≈.)#..≈≈≈
≈≈≈≈≈≈≈≈≈≈≈≈≈...m≈≈≈≈≈
≈≈≈≈≈≈≈≈≈...m...≈≈≈≈≈≈
≈≈≈≈≈≈≈≈....(...≈≈≈≈≈≈
≈≈≈(≈≈(..###.#..≈≈≈≈≈≈
≈≈≈.(≈≈(.# #≈)≈≈≈≈≈≈≈≈
≈≈≈≈≈≈≈.)###§E≈≈≈≈≈≈.≈
≈≈≈≈≈≈≈.%.)@≈...(mm≈..
≈≈≈.≈≈≈≈..<......≈≈≈.
≈≈≈.≈≈≈≈.≈≈≈...≈≈≈≈≈≈
≈≈≈.≈(≈≈≈≈..##..≈≈≈≈≈
≈≈.....≈≈...# #..≈≈≈≈
.≈≈.m..≈≈≈... ...≈≈≈
...##....≈≈... .?≈≈≈
.. #....≈≈≈..≈ .≈
..≈.≈≈≈..≈≈


You could see 3 merfolk aquamancers, a merfolk, a water elemental and a merfolk
siren.

Vanquished Creatures
  Donald (Orc:2)
  An azure jelly (D:14)
  2 ghouls (D:14)
  The ghost of polve the Grappler, a journeyman DrTm of Okawaru (Lair:6)
  A war gargoyle (D:13)
  Snorg (Orc:2)
  An ogre mage (D:13)
  10 hydras
  2 ice dragons (IceCv)
  4 centaur warriors
  An alligator (Lair:4)
  3 two-headed ogres
  3 tengu warriors
  2 death knights (D:14)
  5 orc high priests (Orc:2)
  A shock serpent (Lair:2)
  11 skeletal warriors
  An unseen horror (D:13)
  A swamp dragon (shapeshifter) (D:15)
  2 swamp dragons
  4 orc knights
  3 cyclopes
  8 ugly things
  3 orc sorcerers
  6 deep elf magi
  A salamander (D:10)
  3 centaur zombies (D:14)
  2 manticores
  2 black mambas
  2 ice statues (IceCv)
  A merfolk siren (Shoals:1)
  A guardian serpent (shapeshifter) (D:14)
  11 elephants
  9 gargoyles (D:13)
  17 spiny frogs
  7 rime drakes
  3 yaktaurs (D:13)
  A kobold demonologist (D:13)
  7 komodo dragons
  An efreet (D:13)
  4 freezing wraiths
  A guardian mummy (D:14)
  A merfolk (Shoals:1)
  7 trolls
  4 polar bears
  A tengu conjurer (D:15)
  A jumping spider (D:13)
  A polar bear (shapeshifter) (D:15)
  A raiju (Lair:6)
  4 slime creatures
  8 blink frogs
  14 hippogriffs
  A meliai zombie (D:14)
  A centaur simulacrum (D:14)
  2 wraiths (D:15)
  Eustachio (D:6)
  4 water elementals (Shoals:1)
  3 hogs (D:7)
  A fire bat (shapeshifter) (D:15)
  2 basilisks
  A human (shapeshifter) (D:15)
  A human (D:7)
  28 yaks
  3 wyverns
  7 vampire mosquitoes
  5 hungry ghosts
  A steam dragon (Orc:1)
  2 nagas (Lair:2)
  7 wargs
  2 soldier ants
  A swamp worm (Lair:3)
  An acid dragon (shapeshifter) (D:15)
  8 water moccasins
  An acid dragon (D:12)
  31 orc warriors
  12 porcupines
  3 swamp drakes
  24 ice beasts
  4 black bears
  8 sky beasts
  A hornet zombie (D:14)
  18 ogres
  8 wolves
  12 centaurs
  4 phantoms
  9 crocodiles
  4 big kobolds (D:13)
  26 bullfrogs
  A gnoll sergeant (D:4)
  2 wyvern zombies
  4 scorpions
  3 killer bees (D:9)
  13 wights
  A howler monkey (D:7)
  3 electric eels
  13 crimson imps
  A bullfrog zombie (D:13)
  6 jellies
  23 orc wizards
  2 bullfrog skeletons
  A gnoll shaman (D:3)
  48 orc priests
  8 hounds
  Jessica (D:5)
  3 iguanas
  6 hell rats (Lair:2)
  9 worker ants
  A killer bee zombie (D:8)
  A hound zombie (D:11)
  A hound skeleton (D:4)
  2 worker ant zombies
  10 gnolls
  18 adders
  5 shadow imps
  An ooze (D:2)
  2 adder skeletons (D:8)
  A worm (D:5)
  8 dart slugs
  7 leopard geckos
  105 orcs
  7 giant cockroaches
  13 goblins
  5 hobgoblins
  16 jackals
  5 kobolds
  6 quokkas
  A ball python (D:7)
  8 bats
  4 frilled lizards
  A quokka skeleton (D:4)
  4 rats
  A fungus (Lair:3)
  A plant (Lair:1)
822 creatures vanquished.

Vanquished Creatures (collateral kills)
  2 orc warlords (Orc:1)
  A hydra (D:12)
  A two-headed ogre (D:12)
  An orc high priest (Orc:2)
  3 skeletal warriors (D:12)
  An orc knight (Orc:2)
  A manticore (D:12)
  An elephant (Lair:2)
  A spiny frog (Lair:6)
  A troll (Orc:1)
  8 yaks
  A steam dragon (D:12)
  2 insubstantial wisps (D:12)
  A soldier ant (D:12)
  An eye of draining (D:12)
  2 ogres
  4 orc warriors
  A wolf (Lair:6)
  2 bullfrogs
  A crimson imp (D:6)
  A bullfrog zombie (D:6)
  2 orc priests
  An iguana (D:12)
  5 orc wizards
  A howler monkey zombie (D:6)
  2 adders
  A gnoll (D:6)
  An adder zombie (D:10)
  11 orcs
61 creatures vanquished.

Vanquished Creatures (others)
  A fire crab (shapeshifter) (D:15)
  A glowing orange brain (D:15)
  A vampire mosquito (Lair:6)
  A wolf (Lair:4)
  A crocodile (Lair:6)
  2 bullfrogs (Lair:6)
  A crimson imp (D:13)
  An orc (Orc:1)
  3 bushes (Lair:6)
  21 fungi
  44 plants
77 creatures vanquished.

Grand Total: 960 creatures vanquished

Notes
Turn   | Place    | Note
-------+----------+-------------------------------------------
     0 | D:1      | doot the Halfling Hunter began the quest for the Orb.
     0 | D:1      | Reached XP level 1. HP: 14/14 MP: 1/1
   102 | D:1      | Reached XP level 2. HP: 19/19 MP: 2/2
   431 | D:1      | Reached XP level 3. HP: 24/24 MP: 3/3
   745 | D:1      | You fall through a shaft!
   781 | D:2      | HP: 1/24 [poisoned by an adder]
   794 | D:2      | Gained mutation: You are surrounded by a mild repulsion field. (EV +2) [potion of mutation]
   794 | D:2      | Gained mutation: Your natural rate of healing is unusually fast. [potion of mutation]
   845 | D:2      | Reached XP level 4. HP: 26/29 MP: 4/4
   893 | D:2      | Found a sacrificial altar of Ru.
   943 | D:2      | Became a worshipper of Ru the Awakened
  1011 | D:2      | Reached skill level 1 in Short Blades
  1236 | D:1      | Reached XP level 5. HP: 34/34 MP: 5/5
  1803 | D:2      | Reached skill level 1 in Armour
  2130 | D:3      | Found a white marble altar of Elyvilon.
  2247 | D:3      | Reached XP level 6. HP: 40/40 MP: 6/6
  2331 | D:3      | Found a shimmering altar of Xom.
  2620 | D:3      | Fell from the grace of Ru
  2620 | D:3      | Became a worshipper of Xom of Enforced Whimsey
  2787 | D:3      | XOM: divination: magic mapping
  2895 | D:3      | XOM: harmless Ice miscast
  2904 | D:3      | XOM: divination: detect items
  2989 | D:3      | Reached XP level 7. HP: 45/45 MP: 7/7
  3042 | D:4      | XOM: silly message
  3058 | D:4      | XOM: silly message
  3132 | D:4      | Found a staircase to the Ecumenical Temple.
  3137 | Temple   | Entered the Ecumenical Temple
  3348 | D:4      | Got an ichor-stained mace
  3349 | D:4      | Identified the +4 mace of Agony {holy, *Corrode rElec rC+ Dex+4} (You found it on level 4 of the Dungeon)
  3656 | D:4      | Found Cuontehi's Antique Armour Emporium.
  3813 | D:4      | Found a burning altar of Makhleb.
  3941 | D:4      | XOM: medium Necr miscast
  3942 | D:4      | Noticed a shadow
  3942 | D:4      | Noticed a shadow
  4311 | D:4      | XOM: cast spell 'Summon Butterflies'
  4489 | D:5      | Entered Level 5 of the Dungeon
  4512 | D:5      | XOM: god gift: potion of curing
  4516 | D:5      | Reached skill level 1 in Maces & Flails
  4550 | D:5      | Reached skill level 1 in Long Blades
  4567 | D:5      | XOM: blink monster(s)
  4570 | D:5      | XOM: god gift: 28 stones
  4618 | D:4      | XOM is BORED!
  4618 | D:4      | XOM: mild Tmut miscast
  4667 | D:4      | XOM: 7-stop teleportation journey
  4701 | D:5      | XOM: 2-stop teleportation journey
  4707 | D:5      | Reached XP level 8. HP: 52/52 MP: 8/8
  4738 | D:5      | Reached skill level 10 in Slings
  4810 | D:5      | XOM: harmless Air miscast
  4824 | D:5      | XOM: enchant monster (bad)
  5126 | D:5      | XOM: stat loss: -1 Dex (16/17)
  5151 | D:5      | Reached skill level 1 in Evocations
  5214 | D:5      | Found a sparkling altar of Nemelex Xobeh.
  5214 | D:5      | Noticed Jessica
  5226 | D:5      | Killed Jessica
  5430 | D:5      | Found a white marble altar of Elyvilon.
  5459 | D:5      | XOM: mild Necr miscast
  5553 | D:5      | XOM: give mutations
  5553 | D:5      | Gained mutation: You are weak. (Str -2) [Xom's mischief]
  5553 | D:5      | Gained mutation: Scrolls take you a little longer to read. [Xom's mischief]
  5553 | D:5      | Lost mutation: You are weak. (Str -2) [Xom's mischief]
  5662 | D:5      | XOM: stat loss: -1 Int (8/9)
  5719 | D:6      | XOM: mild Hex miscast
  5742 | D:6      | XOM: 1-stop teleportation journey
  5965 | D:6      | XOM: god gift: 560 gold pieces
  6037 | D:6      | Learned a level 1 spell: Shock
  6040 | D:6      | Learned a level 2 spell: Swiftness
  6194 | D:4      | Bought an ichor-stained chain mail for 275 gold pieces
  6204 | D:4      | Identified the +4 chain mail of Satisfaction {rPois rCorr Int+9 Dex-5} (You bought it in a shop on level 4 of the Dungeon)
  6342 | D:6      | XOM: divination: detect creatures
  6475 | D:6      | Noticed Eustachio
  6485 | D:6      | XOM: 6-stop teleportation journey
  6507 | D:6      | XOM: 3-stop teleportation journey
  6542 | D:6      | XOM: give mutations
  6542 | D:6      | Gained mutation: You have a beak for a mouth. [Xom's grace]
  6542 | D:6      | Gained mutation: You are agile. (Dex +2) [Xom's grace]
  6542 | D:6      | Gained mutation: You have a pair of small horns on your head. [Xom's grace]
  6542 | D:6      | Gained mutation: You are resistant to hostile enchantments. (MR+) [Xom's grace]
  6645 | D:6      | Reached skill level 1 in Air Magic
  6689 | D:6      | XOM: enchant monster (bad)
  6888 | D:6      | XOM: mild Summ miscast
  6893 | D:6      | XOM: give mutations
  6893 | D:6      | Lost mutation: You have a pair of small horns on your head. [Xom's mischief]
  6893 | D:6      | Gained mutation: Armour fits poorly on your strangely shaped body. [Xom's mischief]
  6897 | D:6      | Reached XP level 9. HP: 57/57 MP: 9/9
  7222 | D:6      | XOM: enchant monster (bad)
  7223 | D:6      | Killed Eustachio
  7233 | D:7      | XOM: swap monsters
  7313 | D:7      | Noticed a troll
  7315 | D:7      | XOM: summons 1 hostile demon
  7325 | D:7      | Killed a troll
  7572 | D:7      | XOM: butterfly on damage
  7641 | D:7      | XOM: 2-stop teleportation journey
  7732 | D:7      | XOM: cloud trail
  7770 | D:7      | XOM: cleaving
  7788 | D:7      | Reached XP level 10. HP: 28/64 MP: 11/11
  7996 | D:7      | Reached skill level 5 in Long Blades
  8209 | D:8      | XOM: scenery: create altars
  8237 | D:8      | Found Ycackov's Magic Scroll Emporium.
  8241 | D:8      | Bought a scroll of teleportation for 45 gold pieces
  8241 | D:8      | Bought a scroll of teleportation for 45 gold pieces
  8241 | D:8      | Bought a scroll of teleportation for 45 gold pieces
  8271 | D:8      | Found a deep blue altar of Sif Muna.
  8359 | D:8      | Reached skill level 5 in Fighting
  8408 | D:8      | XOM: confuse monster(s)
  8414 | D:8      | Found a staircase to the Lair.
  8414 | D:8      | XOM: 3-stop teleportation journey
  8434 | D:8      | Found a glowing golden altar of the Shining One.
  8435 | D:8      | Found an ancient bone altar of Kikubaaqudgha.
  8436 | D:8      | Found an opulent altar of Gozag.
  8437 | D:8      | Found a shattered altar of Ashenzari.
  8559 | D:8      | Reached skill level 5 in Air Magic
  8639 | D:8      | XOM: scenery: create altars
  8753 | D:8      | Found a snail-covered altar of Cheibriados.
  8776 | D:8      | XOM: give mutations
  8776 | D:8      | Gained mutation: You have large cloven feet. [Xom's grace]
  8776 | D:8      | Gained mutation: You are surrounded by a moderate repulsion field. (EV +3) [Xom's grace]
  8776 | D:8      | Gained mutation: Your mind is acute. (Int +2) [Xom's grace]
  8894 | D:8      | XOM: potion effect (might)
  8915 | D:8      | XOM: scenery: create altars
  8942 | D:8      | XOM: scenery: create altars
  9654 | D:9      | XOM: blink monster(s)
  9705 | D:9      | Found a bloodstained altar of Trog.
  9716 | D:9      | XOM: scenery: create altars
  9717 | D:9      | XOM: swap monsters
  9853 | D:9      | Reached skill level 5 in Armour
  9904 | D:9      | XOM: polymorph howler monkey -> jelly
  9974 | D:9      | Found Zal Witt's Book Shoppe.
  9986 | D:9      | Reached XP level 11. HP: 50/71 MP: 12/12
 10004 | D:9      | XOM: confuse monster(s)
 10280 | D:9      | XOM: silly message
 11061 | D:10     | Entered Level 10 of the Dungeon
 11089 | D:10     | XOM: confuse monster(s)
 11203 | D:10     | XOM: harmless Tmut miscast
 11257 | D:10     | Found a staircase to the Orcish Mines.
 11275 | D:10     | XOM: divination: detect items
 11289 | D:10     | XOM: cast spell 'Call Canine Familiar'
 11334 | D:10     | XOM is BORED!
 11334 | D:10     | XOM: harmless Ice miscast
 11584 | D:10     | XOM: harmless Necr miscast
 11675 | D:10     | XOM is BORED!
 11675 | D:10     | XOM: medium Conj miscast
 11692 | D:10     | XOM: cleaving
 11752 | D:10     | Noticed a two-headed ogre
 11760 | D:10     | Killed a two-headed ogre
 11880 | Orc:1    | Entered Level 1 of the Orcish Mines
 12218 | D:11     | Noticed a two-headed ogre
 12229 | D:11     | Killed a two-headed ogre
 12232 | D:11     | XOM: scenery: 1 doors open, 1 doors close
 12500 | D:11     | XOM: give mutations
 12500 | D:11     | Gained mutation: You are frail. (-10% HP) [Xom's mischief]
 12500 | D:11     | Lost mutation: You are resistant to hostile enchantments. (MR+) [Xom's mischief]
 12500 | D:11     | Lost mutation: You are frail. (-10% HP) [Xom's mischief]
 12507 | D:11     | XOM: 1-stop teleportation journey
 12570 | D:11     | XOM: scenery: 1 doors open
 12749 | D:11     | Noticed a five-headed hydra
 12750 | D:11     | Noticed a red ugly thing
 12762 | D:11     | Noticed a great orb of eyes
 12762 | D:11     | a five-headed hydra changed into a great orb of eyes
 12762 | D:11     | XOM: polymorph five-headed hydra -> great orb of eyes
 12764 | D:11     | XOM: 5-stop teleportation journey
 13038 | D:12     | Identified a scroll of acquirement
 13043 | D:12     | Got a twisted hunting sling
 13050 | D:12     | Identified the +5 hunting sling of Poverty {flame, rN+ MR+ Str+2} (You acquired it on level 12 of the Dungeon)
 13167 | D:12     | Noticed a two-headed ogre
 13170 | D:12     | Killed a two-headed ogre
 13195 | D:12     | Noticed a manticore
 13207 | D:12     | Killed a manticore
 13328 | D:12     | Noticed a skeletal warrior
 13328 | D:12     | Noticed a skeletal warrior
 13338 | D:12     | XOM: god gift: 15 royal jellies
 13339 | D:12     | XOM: 1-stop teleportation journey
 13401 | D:12     | Killed a skeletal warrior
 13401 | D:12     | Reached XP level 12. HP: 80/80 MP: 13/13
 13409 | D:12     | XOM: cleaving
 13414 | D:12     | XOM: scenery: create altars
 13417 | D:12     | HP: 1/81 [skeletal warrior/dire flail of crushing[a skeletal warrior] (4)]
 13422 | D:12     | XOM: enchant monster (good)
 13465 | D:12     | Killed a skeletal warrior
 13564 | D:12     | Noticed a two-headed ogre
 13576 | D:12     | XOM: summons 2 friendly demons
 13581 | D:12     | XOM: confuse monster(s)
 13593 | D:12     | Killed a two-headed ogre
 13622 | D:12     | Got a pair of slimy gloves
 13633 | D:12     | Identified the +4 pair of gloves "Ratrubeiff" {*Slow rF+ rN+ rCorr} (You found it on level 12 of the Dungeon)
 13755 | D:12     | Noticed a skeletal warrior
 13759 | D:12     | XOM: cast spell 'Summon Dragon'
 13765 | D:12     | Noticed a skeletal warrior
 13766 | D:12     | Killed a skeletal warrior
 13769 | D:12     | Noticed a skeletal warrior
 13769 | D:12     | Killed a skeletal warrior
 13772 | D:12     | Killed a skeletal warrior
 13862 | D:12     | Noticed a five-headed hydra
 13865 | D:12     | Killed a six-headed hydra
 13895 | D:12     | XOM is BORED!
 13895 | D:12     | XOM: give mutations
 13895 | D:12     | Lost mutation: You have large cloven feet. [Xom's mischief]
 13895 | D:12     | Gained mutation: You possess an exceptional clarity of mind. [Xom's mischief]
 13895 | D:12     | Gained mutation: You are partially covered in molten scales. (AC +2) [Xom's mischief]
 14020 | D:12     | XOM: give mutation
 14020 | D:12     | Gained mutation: You are resistant to hostile enchantments. (MR+) [Xom's grace]
 14199 | D:13     | Noticed an eight-headed hydra
 14205 | D:13     | Killed an eight-headed hydra
 14222 | D:13     | Noticed an ogre mage
 14226 | D:13     | XOM: polymorph yaktaur -> jumping spider
 14246 | D:13     | Killed an ogre mage
 14253 | D:13     | XOM: cleaving
 14261 | D:13     | XOM: smoke on damage
 14328 | D:13     | XOM: give mutations
 14328 | D:13     | Gained mutation: You are very agile. (Dex +4) [Xom's grace]
 14328 | D:13     | Gained mutation: You have a pair of small horns on your head. [Xom's grace]
 14516 | D:13     | Noticed a tengu warrior
 14516 | D:13     | XOM: cast spell 'Discord'
 14542 | D:13     | Killed a tengu warrior
 14707 | D:13     | Killed an unseen horror
 14809 | D:13     | Learned a level 4 spell: Airstrike
 14833 | D:13     | Reached XP level 13. HP: 73/88 MP: 15/15
 14927 | D:13     | XOM: give mutations
 14927 | D:13     | Gained mutation: Your mind is very acute. (Int +4) [Xom's grace]
 14927 | D:13     | Gained mutation: You are highly resistant to hostile enchantments. (MR++) [Xom's grace]
 14927 | D:13     | Gained mutation: Your flesh is cold resistant. (rC+) [Xom's grace]
 14927 | D:13     | Gained mutation: You are extremely resistant to the effects of hostile enchantments. (MR+++) [Xom's grace]
 14935 | D:13     | XOM: summons friendly ufetubus
 14972 | D:13     | XOM: 3-stop teleportation journey
 15000 | D:13     | XOM: scenery: create altars
 15022 | D:13     | Reached skill level 5 in Dodging
 15038 | D:13     | Noticed a centaur warrior
 15038 | D:13     | XOM: mild Necr miscast
 15051 | D:13     | XOM: enchant monster (good)
 15052 | D:13     | XOM: summons friendly shadow imp
 15059 | D:13     | Killed a centaur warrior
 15063 | D:13     | Got an uncursed jewelled mace {drain}
 15064 | D:13     | Identified the +9 mace "Aluteop" {drain, Str+4 Int+5} (You took it off a centaur warrior on level 13 of the Dungeon)
 15114 | D:13     | XOM: polymorph shadow imp -> crimson imp
 15252 | D:13     | Found a gate to the Vaults.
 15279 | D:13     | XOM: enchant monster (bad)
 15493 | D:13     | XOM: confuse monster(s)
 15512 | D:13     | Reached skill level 1 in Spellcasting
 15724 | Orc:1    | XOM: chaos upgrade
 15834 | Orc:1    | XOM: swap monsters
 16378 | Orc:1    | XOM: polymorph orc warrior -> steam dragon
 16384 | Orc:1    | XOM: 1-stop teleportation journey
 16515 | Orc:1    | XOM: mild Ice miscast
 16577 | Orc:1    | XOM: summons friendly white imp
 16582 | Orc:1    | XOM: noise
 16610 | Orc:1    | XOM: harmless Summ miscast
 16611 | Orc:1    | XOM: polymorph orc knight -> salamander
 16667 | Orc:1    | Noticed an orc warlord
 16816 | Lair:1   | Entered Level 1 of the Lair of Beasts
 16838 | Lair:1   | XOM: enchant monster (good)
 16943 | Lair:1   | XOM: god gift: bread ration
 17389 | Lair:1   | XOM: give mutations
 17389 | Lair:1   | Gained mutation: You are somewhat resistant to both further mutation and mutation removal. [Xom's grace]
 17389 | Lair:1   | Gained mutation: Your muscles are strong. (Str +2) [Xom's grace]
 17389 | Lair:1   | Gained mutation: You have sharp toenails. [Xom's grace]
 17505 | Lair:1   | You fall through a shaft!
 17505 | Lair:2   | XOM: cleaving
 17530 | Lair:2   | Found a staircase to the Snake Pit.
 17530 | Lair:2   | XOM: 3-stop teleportation journey
 17692 | Lair:2   | XOM: divination: magic mapping
 17711 | Lair:2   | XOM: summons 2 friendly demons
 17852 | Lair:2   | Reached skill level 10 in Long Blades
 17878 | Lair:2   | XOM: cast spell 'Metabolic Englaciation'
 18343 | Lair:3   | Found a runed door.
 18384 | Lair:3   | XOM: potion effect (berserk rage)
 18674 | Lair:3   | Reached XP level 14. HP: 97/97 MP: 16/16
 18699 | Lair:3   | XOM: summons friendly shadow imp
 18701 | Lair:3   | XOM: summons 3 friendly demons
 18705 | Lair:3   | Reached skill level 15 in Slings
 18707 | Lair:3   | XOM: summons friendly white imp
 18717 | Lair:3   | XOM: harmless Air miscast
 18739 | Lair:3   | XOM: noise
 18789 | Lair:3   | XOM: give mutation
 18789 | Lair:3   | Lost mutation: You are very agile. (Dex +4) [Xom's mischief]
 19248 | Lair:3   | XOM: torment (55/97 hp)
 19320 | Lair:3   | XOM: polymorph torpor snail -> slime creature
 19324 | Lair:3   | XOM: summons 1 hostile demon
 19331 | Lair:3   | XOM: god gift: 48 gold pieces
 19353 | Lair:3   | XOM: draining
 19368 | Lair:3   | Reached skill level 10 in Armour
 19733 | Lair:4   | XOM: scenery: create altars
 19852 | Lair:4   | XOM: blink monster(s)
 19857 | Lair:4   | XOM: summons 10 friendly demons
 19883 | Lair:4   | XOM: scenery: create altars
 19892 | Lair:4   | XOM: 3-stop teleportation journey
 19959 | Lair:4   | Found a staircase to the Shoals.
 19966 | Lair:4   | XOM: confuse monster(s)
 20095 | Lair:4   | XOM: mild Chrm miscast
 20109 | Lair:4   | XOM: harmless Hex miscast
 20285 | Lair:4   | XOM: harmless Conj miscast
 20441 | Lair:4   | XOM: harmless Pois miscast
 20557 | Lair:4   | XOM: cloud trail
 20639 | Lair:4   | XOM: repel stairs
 20640 | Lair:4   | XOM: harmless Fire miscast
 21067 | Lair:5   | XOM: noise
 21098 | Lair:5   | Found a staircase to the Slime Pits.
 21100 | Lair:5   | XOM: noise
 21297 | Lair:5   | Identified the +1 helmet of Qeber {rElec rF- Int+7 Dex+2} (You found it on level 5 of the Lair of Beasts)
 21881 | Lair:5   | XOM: give mutations
 21881 | Lair:5   | Lost mutation: You are agile. (Dex +2) [Xom's mischief]
 21881 | Lair:5   | Lost mutation: You are surrounded by a moderate repulsion field. (EV +3) [Xom's mischief]
 21881 | Lair:5   | Lost mutation: Your mind is very acute. (Int +4) [Xom's mischief]
 22003 | Lair:6   | Entered Level 6 of the Lair of Beasts
 22003 | Lair:6   | Noticed polve's ghost (journeyman DrTm)
 22036 | Lair:6   | XOM: divine lightning
 22051 | Lair:6   | XOM: swap monsters
 22069 | Lair:6   | Found a frozen archway.
 22073 | Lair:6   | XOM: divination: detect items
 22078 | Lair:6   | XOM: cleaving
 22086 | IceCv    | Entered an ice cave
 22202 | IceCv    | XOM: draining
 22203 | IceCv    | Reached skill level 10 in Fighting
 22280 | IceCv    | XOM: 1-stop teleportation journey
 22305 | IceCv    | XOM: 1-stop teleportation journey
 22310 | IceCv    | XOM: harmless Pois miscast
 22318 | IceCv    | XOM: god gift: 19 stones
 22328 | IceCv    | XOM: chaos cloud
 22536 | IceCv    | XOM: divine lightning
 22806 | IceCv    | XOM: summons 3 hostile shadow creatures
 22891 | Lair:6   | XOM: polymorph spiny frog -> raiju
 22911 | Lair:6   | Killed polve's ghost
 23158 | Lair:6   | XOM: medium Hex miscast
 23172 | Lair:6   | XOM: fog
 23204 | Lair:6   | XOM: summons 3 friendly demons
 23207 | Lair:6   | XOM: polymorph ufetubus -> white imp
 23215 | Lair:6   | Reached XP level 15. HP: 86/103 MP: 18/18
 23392 | Lair:5   | XOM: cleaving
 23798 | Orc:1    | XOM: confuse monster(s)
 23808 | Orc:1    | Identified Xubbol's Guide on the Traveller (Xom gifted it to you on level 1 of the Orcish Mines)
 23808 | Orc:1    | XOM: god gift: Xubbol's Guide on the Traveller
 23921 | Orc:1    | Learned a level 2 spell: Blink
 23942 | Orc:1    | XOM: confuse monster(s)
 23961 | Orc:1    | XOM: harmless Tloc miscast
 24052 | Orc:1    | Killed an orc warlord
 24081 | Orc:1    | Noticed an orc warlord
 24102 | Orc:1    | Killed an orc warlord
 24122 | Orc:1    | XOM: divination: detect creatures
 24193 | D:10     | XOM: medium Chrm miscast
 24222 | Orc:1    | XOM: summons 15 friendly demons
 24341 | Orc:1    | Got a steaming morningstar
 24344 | Orc:1    | Identified the +3 morningstar of Tumult {venom, -Tele rPois Int+3} (You found it on level 1 of the Orcish Mines)
 24390 | Orc:1    | Identified the Incunabulum of the Unholy Birds
 24392 | Orc:1    | Identified the Reference Book on Dusty Necromancy
 24488 | Orc:2    | Entered Level 2 of the Orcish Mines
 24523 | Orc:2    | Found a staircase to the Elven Halls.
 24621 | Orc:2    | XOM: mild Tloc miscast
 24661 | Orc:2    | XOM: harmless Hex miscast
 24780 | Orc:2    | Found a roughly hewn altar of Beogh.
 24797 | Orc:2    | XOM: noise
 24813 | Orc:2    | XOM: summons 2 friendly demons
 24831 | Orc:2    | XOM: enchant monster (good)
 24875 | Orc:2    | XOM: divination: detect creatures
 24949 | Orc:2    | Noticed Snorg
 24953 | Orc:2    | XOM: summons friendly quasit
 24954 | Orc:2    | XOM: confuse monster(s)
 24965 | Orc:2    | Killed Snorg
 25037 | Orc:2    | Noticed Donald
 25057 | Orc:2    | XOM: enchant monster (good)
 25068 | Orc:2    | XOM: divination: detect creatures
 25072 | Orc:2    | Killed Donald
 25234 | Orc:2    | XOM: divination: detect items
 25257 | Orc:2    | Found Xaricwug's Distillery.
 25257 | Orc:2    | Found Yhuwimp's Magic Scroll Emporium.
 25345 | Orc:2    | Found Gyjyivy's Book Shop.
 25363 | Orc:2    | Bought a manual of Long Blades for 1435 gold pieces
 25379 | Orc:2    | Found Kulenax's Gadget Emporium.
 25427 | Orc:2    | XOM: summons 7 hostile demons
 25677 | Orc:2    | Found Roonarint's Weapon Shoppe.
 25774 | Elf:1    | Entered Level 1 of the Elven Halls
 25783 | Elf:1    | XOM: confuse monster(s)
 25846 | Orc:2    | XOM: polymorph orc warrior -> swamp drake
 25873 | Orc:2    | HP: 3/105 [orc knight (12)]
 26060 | D:10     | XOM: cloud trail
 26124 | D:8      | Bought a scroll of enchant weapon for 112 gold pieces
 26124 | D:8      | Bought a scroll of enchant armour for 112 gold pieces
 26308 | D:13     | Noticed a war gargoyle
 26320 | D:13     | Killed a war gargoyle
 26372 | D:14     | Found a burning altar of Makhleb.
 26438 | D:13     | XOM: enchant monster (good)
 26509 | D:13     | XOM: confuse monster(s)
 26514 | D:13     | XOM: smoke on damage
 26544 | D:14     | XOM: noise
 26554 | D:14     | Noticed a ghoul
 26554 | D:14     | XOM: confuse monster(s)
 26646 | D:14     | XOM: summons friendly iron imp
 26654 | D:14     | Killed a ghoul
 26758 | D:14     | XOM: harmless Ice miscast
 26760 | D:14     | XOM: destruction
 26776 | D:14     | XOM: mild Chrm miscast
 26791 | D:14     | XOM: 2-stop teleportation journey
 26792 | D:14     | XOM: silly message
 26794 | D:14     | XOM: harmless Conj miscast
 26802 | D:14     | XOM: silly message
 26807 | D:14     | Reached XP level 16. HP: 96/112 MP: 19/19
 26816 | D:14     | Reached skill level 5 in Stealth
 26831 | D:14     | XOM: divination: magic mapping
 26843 | D:13     | XOM: enchant monster (bad)
 26845 | D:13     | XOM: silly message
 27026 | D:13     | XOM: divination: magic mapping
 27046 | D:14     | XOM: cast spell 'Metabolic Englaciation'
 27066 | D:14     | XOM: summons friendly shadow imp
 27072 | D:14     | XOM: divination: detect items
 27078 | D:14     | XOM: give mutations
 27078 | D:14     | Lost mutation: Your mind is acute. (Int +2) [Xom's mischief]
 27078 | D:14     | Lost mutation: You are somewhat resistant to both further mutation and mutation removal. [Xom's mischief]
 27078 | D:14     | Lost mutation: Your muscles are strong. (Str +2) [Xom's mischief]
 27078 | D:14     | Lost mutation: Scrolls take you a little longer to read. [Xom's mischief]
 27082 | D:14     | XOM: cast spell 'Olgreb's Toxic Radiance'
 27089 | D:14     | XOM: noise
 27100 | D:14     | XOM: smoke on damage
 27488 | D:14     | XOM: enchant monster (good)
 27494 | D:14     | XOM: cast spell 'Summon Ice Beast'
 27499 | D:14     | XOM: divination: detect creatures
 27737 | D:14     | XOM: swap monsters
 28145 | D:14     | Noticed an azure jelly
 28145 | D:14     | an eight-headed hydra changed into an azure jelly
 28145 | D:14     | XOM: polymorph eight-headed hydra -> azure jelly
 28165 | D:14     | XOM: noise
 28174 | D:14     | Killed an azure jelly
 28224 | D:14     | XOM: god gift: scroll labeled HYESTO CE MAM {god gift}
 28243 | D:14     | XOM: summons 1 hostile shadow creature
 28406 | D:15     | Entered Level 15 of the Dungeon
 28446 | D:15     | Reached skill level 15 in Long Blades
 28530 | D:15     | XOM: scenery: create altars
 28577 | D:15     | XOM: 2-stop teleportation journey
 28674 | D:15     | XOM: silly message
 29037 | D:14     | XOM: divination: magic mapping
 29087 | D:15     | XOM: harmless Ice miscast
 29255 | D:15     | XOM: potion effect (agility)
 29331 | D:15     | XOM: harmless Conj miscast
 29362 | D:15     | XOM: potion effect (haste)
 29450 | D:15     | XOM: silly message
 29546 | D:15     | XOM: harmless Chrm miscast
 29674 | D:15     | XOM: severe Pois miscast
 29675 | D:15     | XOM: stat loss: -1 Int (8/9)
 29742 | D:15     | Found a staircase to the Depths.
 29761 | Depths:1 | Entered Level 1 of the Depths
 29956 | D:9      | XOM: mild Chrm miscast
 30076 | Snake:1  | XOM: stealth player
 30076 | Snake:1  | Entered Level 1 of the Snake Pit
 30174 | Lair:3   | XOM: cloud trail
 30240 | Lair:6   | XOM: divination: magic mapping
 30251 | Lair:6   | XOM: cast spell 'Summon Ice Beast'
 30371 | Lair:6   | XOM: scenery: create altars
 30408 | Lair:6   | XOM: confuse monster(s)
 30417 | Lair:6   | XOM: polymorph spiny frog -> something unseen
 30425 | Lair:6   | XOM: confuse monster(s)
 30609 | Lair:6   | XOM: cast spell 'Call Canine Familiar'
 30616 | Lair:6   | Reached XP level 17. HP: 77/119 MP: 20/20
 30790 | Lair:5   | XOM: summons 3 hostile demons
 30923 | Shoals:1 | Entered Level 1 of the Shoals
 30998 | Shoals:1 | XOM: chaos upgrade
 31007 | Shoals:1 | XOM: god gift: runed hunting sling {god gift}
 31019 | Shoals:1 | XOM: summons friendly ufetubus
 31035 | Shoals:1 | HP: 5/178 [merfolk/tomahawk (7)]
 31035 | Shoals:1 | Killed from afar by a merfolk aquamancer

Skill      XL: |  1  2  3  4  5  6  7  8  9 10 11 12 13 14 15 16 |
---------------+-------------------------------------------------+-----
Slings         | 6 7 8 9 11 12 13 14 15 16 | 16.5
Fighting       | 2 3 4 5 7 9 10 11 12 | 12.2
Short Blades   | 1 2 3 |  3.1
Armour         | 1 2 3 5 6 8 9 10 11 12 | 12.8
Dodging        | 3 4 5 6 7 |  7.3
Maces & Flails | 1 3 |  3.3
Long Blades    | 1 2 4 6 7 8 10 11 13 16 | 16.2
Stealth        | 2 3 4 5 |  5.2
Evocations     | 1 2 3 4 |  4.6
Air Magic      | 2 4 5 7 8 |  8.7
Spellcasting   | 1 2 |  2.5
Charms         | |  0.4

Action                   |  1- 3 |  4- 6 |  7- 9 | 10-12 | 13-15 | 16-18 || total
-------------------------+-------+-------+-------+-------+-------+-------++-------
Melee: Short sword       |    64 |    97 |    14 |       |       |       ||   175
       Falchion          |       |       |   120 |   340 |   748 |       ||  1208
       Mace              |       |       |     9 |    44 |       |       ||    53
       Headbutt          |       |       |     4 |     7 |   396 |   156 ||   563
       Peck              |       |       |    18 |    97 |   381 |   162 ||   658
       Kick              |       |       |       |   120 |   482 |    46 ||   648
       Long sword        |       |       |       |       |    34 |       ||    34
       Scimitar          |       |       |       |       |   101 |    18 ||   119
       Double sword      |       |       |       |       |   259 |   441 ||   700
 Fire: Hunting sling     |    56 |   146 |   205 |   104 |   455 |   185 ||  1151
       Fustibalus        |       |       |     4 |   248 |       |       ||   252
Throw: Stone             |       |       |       |       |     2 |       ||     2
 Cast: Airstrike         |       |       |       |       |    12 |     1 ||    13
       Swiftness         |       |       |       |       |     2 |       ||     2
 Abil: Evoke Berserk Rag |       |     1 |     3 |     5 |     9 |     3 ||    21
       Evoke Flight      |       |       |       |       |     1 |       ||     1
Evoke: Wand              |       |       |       |     4 |     2 |     1 ||     7
  Use: Scroll            |     4 |       |     3 |    13 |    22 |     1 ||    43
       Potion            |     3 |       |       |    11 |    14 |     2 ||    30
 Stab: Invisible         |       |     4 |       |       |     2 |     1 ||     7
       Paralysed         |       |     1 |       |       |       |       ||     1
       Sleeping          |       |     1 |       |       |     1 |       ||     2
       Confused          |       |       |       |     1 |     2 |     1 ||     4
       Distracted        |       |       |       |     2 |     3 |       ||     5
       Petrifying        |       |       |       |       |     3 |       ||     3
       Petrified         |       |       |       |       |     1 |     1 ||     2
  Eat: Chunk             |       |     6 |    15 |    11 |    31 |    11 ||    74
       Royal jelly       |       |       |     2 |       |       |       ||     2
       Meat ration       |       |       |       |     4 |     3 |     1 ||     8
       Fruit             |       |       |       |       |     5 |     2 ||     7
Armor: Leather armour    |    28 |    36 |    22 |       |       |       ||    86
       Chain mail        |       |       |    48 |   169 |   364 |   155 ||   736
       Plate armour      |       |       |       |       |   149 |   138 ||   287
Dodge: Dodged            |    74 |    75 |   165 |   280 |   878 |   346 ||  1818
       Rpst.: Falchion   |       |       |    27 |    58 |   145 |       ||   230
       Long sword        |       |       |       |       |     9 |       ||     9
       Scimitar          |       |       |       |       |    13 |     4 ||    17
       Double sword      |       |       |       |       |    33 |    64 ||    97
